 Dungeon Crawl Stone Soup version 0.30.0-29-ga12c61a403 (webtiles) character file.

Game seed: 7749785775418665855

390 ChadusMaximus the Shield-Bearer (level 7, -2/55 HPs)
             Began as a Formicid Fighter on June 17, 2023.
             Slain by an ogre
             ... wielding a +0 giant club
              (12 damage)
             ... on level 3 of the Dungeon.
             The game lasted 00:02:00 (2153 turns).

ChadusMaximus the Shield-Bearer (Formicid Fighter)  Turns: 2153, Time: 00:02:01

Health: -2/55      AC:  7    Str: 22    XL:     7   Next: 7%
Magic:  7/7        EV:  9    Int:  8    God:
Gold:   164        SH:  5    Dex: 13    Spells: 6/6 levels left

rFire   . . .        a - +0 war axe
rCold   . . .        c - +0 buckler
rNeg    . . .        b - +0 scale mail
rPois   .            (helmet unavailable)
rElec   .            (no cloak)
rCorr   .            (no gloves)
SInv    +            (no boots)
Will    .....        (no amulet) Stlth
                     (no ring)
HPRegen 0.29/turn    (no ring)
MPRegen 0.10/turn

%: no passive effects
@: no status effects
A: permanent stasis, dig shafts and tunnels, antennae 3, four strong arms
a: Dig, Shaft Self


You were on level 3 of the Dungeon.
You visited 1 branch of the dungeon, and saw 3 of its levels.

You collected 164 gold pieces.

Inventory:

Hand Weapons
 a - a +0 war axe (weapon)
Armour
 b - a +0 scale mail (worn)
 c - a +0 buckler (worn)
Scrolls
 e - 7 scrolls of identify {unknown}
 g - a scroll of teleportation {unknown}
Potions
 d - a potion of might
 f - a potion of cancellation {unknown}


   Skills:
 + Level 4.9 Fighting
 + Level 3.8 Axes
 + Level 4.9 Armour
 + Level 5.9 Shields


You had 6 spell levels left.
You didn't know any spells.
Your spell library contained the following spells:

 Spells                   Type           Power      Damage    Failure   Level
 Dazzling Flash           Conj/Hex       0%         N/A       98%         3
 Summon Lightning Spire   Summ/Air       0%         N/A       100%        4
 Agony                    Necr           0%         N/A       100%        5
 Silence                  Hex/Air        0%         N/A       100%        5
 Storm Form               Tmut/Air       0%         N/A       100%        7
 Maxwell's Capacitive Co  Air            0%         ∞         100%        8


Dungeon Overview and Level Annotations

Branches:
Dungeon (3/15)

Altars:
Elyvilon

Shops:
D:1 *


Innate Abilities, Weirdness & Mutations

You cannot be hasted, slowed, berserked, paralysed or teleported.
You can dig through walls and to a lower floor.
You have a pair of large antennae on your head. (SInv)
Your four strong arms can wield two-handed weapons with a shield.


Message History

An ogre comes into view. It is wielding a +0 giant club.
Found a white marble altar of Elyvilon.
The giant cockroach bites you but does no damage.
You block the giant cockroach's attack.
There are monsters nearby!
You hit the giant cockroach.
The giant cockroach is moderately wounded.
The giant cockroach barely misses you.
There are monsters nearby!
You barely miss the giant cockroach.
The giant cockroach is moderately wounded.
The giant cockroach bites you.
The giant cockroach bites you but does no damage.
You hit the giant cockroach.
The giant cockroach is heavily wounded.
You block the giant cockroach's attack. The ogre hits you with a +0 giant club!
There are monsters nearby!
You hit the giant cockroach but do no damage.
The giant cockroach is heavily wounded.
You hit the ogre. The giant cockroach bites you.
The giant cockroach bites you but does no damage.
The ogre hits you with a +0 giant club.
You slash the giant cockroach!
You kill the giant cockroach!
You hit the ogre but do no damage.
Unknown command.
You barely miss the ogre.
The ogre is lightly wounded.
The ogre hits you with a +0 giant club.
You barely miss the ogre.
The ogre is lightly wounded.
The ogre hits you with a +0 giant club!!
* * * LOW HITPOINT WARNING * * *
You slash the ogre!
The ogre is severely wounded.
The ogre closely misses you.
You barely miss the ogre.
The ogre is severely wounded.
The ogre hits you with a +0 giant club!
You die...

....... ......_ .......
#### ....... #####.. ..#
....... ###..... #.#
......♣
....##########.##O.....♣
†..........>....@†.....♣
#...#.#####.##.###.##..♣
#.#.#.# #.##.# # ....#.#
#.##.. #...... #.####.
#..#### #.. .# ~... #.#
# ~..# { #.# .... #.#


You could see an ogre.

Vanquished Creatures
  Sigmund (D:2)
  An orc priest (D:3)
  Jessica (D:2)
  3 orc wizards
  Terence (D:1)
  A gnoll (D:1)
  A worm (D:3)
  3 dart slugs (D:3)
  6 orcs
  4 endoplasms
  2 giant cockroaches
  8 goblins
  2 hobgoblins (D:1)
  4 jackals (D:2)
  3 quokkas
  5 ball pythons
  A bat (D:2)
  A frilled lizard (D:1)
  7 kobolds
  6 rats
61 creatures vanquished.

Notes
Turn   | Place    | Note
-------+----------+-------------------------------------------
     0 | D:1      | ChadusMaximus the Formicid Fighter began the quest for the
                  | Orb.
     0 | D:1      | Reached XP level 1. HP: 18/18 MP: 1/1
    41 | D:1      | Found Koesmas's Assorted Antiques.
   130 | D:1      | Reached XP level 2. HP: 11/24 MP: 2/2
   249 | D:1      | Reached XP level 3. HP: 26/29 MP: 3/3
   646 | D:2      | Noticed Terence
   693 | D:1      | Reached XP level 4. HP: 30/37 MP: 4/4
   761 | D:1      | Killed Terence
   762 | D:1      | Reached skill level 5 in Shields
   762 | D:1      | Reached XP level 5. HP: 3/42 MP: 5/5
   938 | D:2      | Noticed Sigmund
   964 | D:2      | HP: 2/42 [Sigmund/+0 scythe (10)]
   966 | D:2      | Killed Sigmund
   967 | D:2      | Reached XP level 6. HP: 3/49 MP: 6/6
  1635 | D:2      | Noticed Jessica
  1647 | D:2      | Killed Jessica
  2064 | D:3      | Reached XP level 7. HP: 51/55 MP: 7/7
  2144 | D:3      | Found a white marble altar of Elyvilon.
  2153 | D:3      | Slain by an ogre

Illustrated notes

Levels and vault maps discovered:
D:1:      ncdulo_wetmaze, layout_rooms, serial_shops, shop
D:2:      layout_basic, serial_bayou, serial_bayou_lagoon_a,
          serial_bayou_crossing, serial_bayou_pond_a, serial_bayou_ford_a,
          minmay_circled_x, uniq_terence, uniq_jessica, uniq_sigmund
D:3:      kennysheep_slugbush, layout_basic, mainiacjoe_overflow_catch_the_wave,
          gammafunk_ghost_split

Skill      XL: |  1  2  3  4  5 |
---------------+----------------+-----
Fighting       | 4 |  4.9
Armour         | 4 |  4.9
Shields        | 5 |  5.9
Axes           | 3 |  3.8

Action                     |  1- 3 |  4- 6 |  7- 9 || total
---------------------------+-------+-------+-------++-------
  Melee: War axe           |    57 |   100 |    23 ||   180
 Armour: Scale mail        |    27 |    38 |    13 ||    78
  Dodge: Dodged            |    27 |    45 |     9 ||    81
  Block: Buckler           |    16 |    26 |     7 ||    49
